 Dungeon Crawl Stone Soup version 0.30-a0-857-gcaf70739d4 (webtiles) character file.

Game seed: 6818535058132292716

17075 FexLirch the Slicer (level 12, -2/80 HPs)
             Began as an Octopode Transmuter on Mar 5, 2023.
             Was a High Priest of Cheibriados.
             Shot with an arrow by a centaur warrior (17 damage)
             ... on level 13 of the Dungeon.
             The game lasted 00:38:49 (11838 turns).

FexLirch the Slicer (Octopode Transmuter)          Turns: 11838, Time: 00:38:49

Health: -2/80      AC:  8    Str: 20    XL:     12   Next: 44%
Magic:  19/26      EV: 24    Int: 33    God:    Cheibriados [*****.]
Gold:   871        SH: 10    Dex: 27    Spells: 1/15 levels left

rFire   . . .      SeeInvis +    v - +11 rapier "Killer Bee's Foe" {flame, rElec rCorr Int+2 Dex+3}
rCold   + . .      Faith    .    Y - +0 buckler
rNeg    . . .      Spirit   .    (helmet restricted)
rPois   .          Reflect  +    g - amulet of reflection
rElec   +          Rampage  .    f - ring of magical power
rCorr   +                        h - ring of willpower
Will    +....                    t - ring of protection from cold
Stlth   +++                      D - ring of see invisible
HPRegen 0.33/turn                c - +5 ring of evasion
MPRegen 0.20/turn                O - ring of wizardry
                                 (no ring)
                                 (no ring)

@: ice-armoured, wereblooded, very slow
A: almost no armour, amphibious, 8 rings, camouflage 1, gelatinous body 1,
(nimble swimmer 1), tentacles
a: Renounce Religion, Bend Time, Temporal Distortion, Slouch, Step From Time


You were on level 13 of the Dungeon.
You worshipped Cheibriados.
Cheibriados was extremely pleased with you.
You visited 2 branches of the dungeon, and saw 14 of its levels.

You collected 871 gold pieces.

Inventory:

Hand Weapons
 s - a +0 sling
 v - the +11 rapier "Killer Bee's Foe" (weapon) {flame, rElec rCorr Int+2 Dex+3}
   (You found it on level 3 of the Dungeon)

   Int:       It affects your intelligence (+2).
   Dex:       It affects your dexterity (+3).
   rElec:     It insulates you from electricity.
   rCorr:     It protects you from acid and corrosion.
Missiles
 b - 60 stones
 i - 51 poisoned darts
 u - 5 boomerangs of dispersal
 y - 10 javelins
 I - 8 curare-tipped darts
 S - 14 boomerangs
Armour
 k - an orb of guile
 Y - a +0 buckler (worn)
Magical Staves
 l - a staff of cold
Jewellery
 c - a +5 ring of evasion (on tentacle)
 f - a ring of magical power (left tentacle)
 g - an amulet of reflection (around mantle)
 h - a ring of willpower (right tentacle)
 t - a ring of protection from cold (on tentacle)
 D - a ring of see invisible (on tentacle)
 O - a ring of wizardry (on tentacle)
 V - a ring of fire
Wands
 r - a wand of quicksilver (5)
 B - a wand of flame (36)
 M - a wand of digging (3)
 N - a wand of paralysis (5)
 Q - a wand of roots (14)
Scrolls
 d - 2 scrolls of magic mapping
 e - 3 scrolls of enchant armour
 m - a scroll of enchant weapon {unknown}
 n - 8 scrolls of teleportation
 o - 2 scrolls of fear
 p - 3 scrolls of poison
 w - 2 scrolls of immolation
 C - a scroll of silence {unknown}
 E - a scroll of brand weapon {unknown}
 J - 2 scrolls of noise
 P - a scroll of amnesia {unknown}
 W - 2 scrolls of blinking {unknown}
Potions
 a - a potion of lignification
 j - 4 potions of berserk rage
 q - 3 potions of attraction
 x - 2 potions of degeneration {unknown}
 z - 3 potions of might
 A - 2 potions of haste
 F - a potion of invisibility {unknown}
 G - 3 potions of heal wounds
 H - 2 potions of resistance {unknown}
 K - 2 potions of mutation {unknown}
 L - a potion of magic {unknown}
 R - a potion of cancellation {unknown}
 T - a potion of ambrosia {unknown}
 U - 2 potions of curing
 X - a potion of brilliance {unknown}
 Z - a potion of experience {unknown}


   Skills:
 + Level 6.3 Fighting
 * Level 11.7 Short Blades
 + Level 6.6 Dodging
 + Level 0.0 Shields
 - Level 4.2 Unarmed Combat
 - Level 2.1 Spellcasting
 - Level 4.2 Hexes
 + Level 2.1 Translocations
 - Level 3.5 Transmutations
 + Level 5.1 Ice Magic
 + Level 2.0 Air Magic
 - Level 10.0 Poison Magic
 + Level 6.6 Invocations


You had one spell level left.
You knew the following spells:

 Your Spells              Type           Power      Damage    Failure   Level
a - Beastly Appendage     Tmut           54%        N/A       1%          1
b - Wereblood             Tmut           27%        N/A       1%          2
c - Ice Form              Ice/Tmut       32%        N/A       6%          4
d - Olgreb's Toxic Radia  Pois           62%        N/A       1%          4
e - Ozocubu's Armour      Ice            37%        N/A       1%          3

Your spell library contained the following spells:

 Spells                   Type           Power      Damage    Failure   Level
 Slow                     Hex            100%       N/A       1%          1
 Sting                    Tmut/Pois      100%       1d8       1%          1
 Cigotuvi's Dreadful Rot  Necr/Pois/Air  60%        N/A       1%          2
 Poisonous Vapours        Pois/Air       86%        N/A       1%          2
 Confusing Touch          Hex            31%        N/A       1%          3
 Spider Form              Tmut/Pois      48%        N/A       1%          3
 Portal Projectile        Hex/Tloc       48%        N/A       2%          3
 Static Discharge         Conj/Air       20%        2-3/arc   3%          2
 Hailstorm                Conj/Ice       20%        3d6       3%          3
 Vhi's Electric Charge    Tloc/Air       34%        N/A       4%          3
 Call Canine Familiar     Summ           3%         N/A       11%         3
 Vampiric Draining        Necr           3%         2d6       11%         3
 Metabolic Englaciation   Hex/Ice        17%        N/A       14%         5
 Anguish                  Hex/Necr       8%         N/A       16%         4
 Leda's Liquefaction      Hex/Erth       8%         N/A       16%         4
 Dispel Undead            Necr           3%         3d7       32%         4
 Arcjolt                  Conj/Air       5%         1d15      52%         5
 Lightning Bolt           Conj/Air       5%         1d17      52%         5
 Fireball                 Conj/Fire      1%         3d3       65%         5
 Iskenderun's Battlesphe  Conj           3%         2d6       65%         5
 Simulacrum               Ice/Necr       10%        N/A       86%         6
 Conjure Ball Lightning   Conj/Air       5%         3x3d6     96%         6
 Death Channel            Necr           1%         N/A       99%         6
 Enfeeble                 Hex            15%        N/A       99%         7
 Orb of Destruction       Conj           1%         9d5       100%        7


Dungeon Overview and Level Annotations

Branches:
Dungeon (13/15)            Temple (1/1) D:6            Lair (0/5) D:10
    Orc (0/2) D:10
 Vaults: D:13-14

Altars:
Ashenzari
Cheibriados
Dithmenos
Elyvilon
Fedhas
Gozag
Hepliaklqana
Kikubaaqudgha
Makhleb
Nemelex Xobeh
Okawaru
Qazlal
Ru
Sif Muna
Trog
Uskayaw
Vehumet
Wu Jian
Xom
Yredelemnul
Zin
The Shining One

Shops:
D:7 [

Annotations:
D:13 exclusion: centaur warrior, Erolcha


Innate Abilities, Weirdness & Mutations

You cannot wear most types of armour.
You are amphibious.
You can wear up to eight rings at the same time.
Your skin changes colour to match your surroundings (Stealth+).
Your rubbery body absorbs attacks. (AC +1, EV +1)
((You are camouflaged when in or above water. (Stealth+)))
You have tentacles for arms and can constrict up to eight enemies at once.


Message History

Confirm with . or Enter, or press ? or * to list all spells.
Your blood is infused with primal strength.
The centaur warrior looks even sicker.
The centaur warrior shoots an arrow.
The arrow hits you!
The centaur warrior shoots an arrow.
The arrow hits you!
Aiming: Paralyse
Press: ? - help, Shift-Dir - straight line, f - centaur warrior
Aim: a centaur warrior, wielding a +0 shortbow (moderately wounded, very poisoned, chance to affect: 31%)
The centaur warrior easily resists.
The centaur warrior looks even sicker.
The centaur warrior shoots an arrow.
You reflect the arrow off an invisible shield around you!
The arrow hits the centaur warrior!!
Aiming: Throw Flame
Press: ? - help, Shift-Dir - straight line, f/p - centaur warrior
Aim: a centaur warrior, wielding a +0 shortbow (heavily wounded, very poisoned, 77% to hit)
The puff of flame hits the centaur warrior.
The centaur warrior is severely wounded.
Your toxic aura wanes.
The centaur warrior shoots an arrow.
The arrow hits you!
The centaur warrior shoots an arrow.
The arrow hits you!
* * * LOW HITPOINT WARNING * * *
Okay, then.
Unknown command.
You feel better.
The centaur warrior shoots an arrow.
The arrow barely misses you.
Aiming: Throw Flame
Press: ? - help, Shift-Dir - straight line, f/p - centaur warrior
Aim: a centaur warrior, wielding a +0 shortbow (severely wounded, very poisoned, 77% to hit)
The puff of flame hits the centaur warrior.
The centaur warrior is severely wounded.
The centaur warrior shoots an arrow.
The arrow hits you!
* * * LOW HITPOINT WARNING * * *
A centaur warrior is nearby!
Unknown command.
Unknown command.
You feel better.
The centaur warrior shoots an arrow.
The arrow hits you!
* * * LOW HITPOINT WARNING * * *
You feel much better.
The centaur warrior shoots an arrow.
The arrow hits you!!
* * * LOW HITPOINT WARNING * * *
The centaur warrior shoots an arrow.
The arrow hits you!
You die...

............... #...#..........
.........######## #...#..........
................###...#
......................#
#########..#####......# #..#
#......###........ #..#
#........#........ #..#
#........#........ #..#
#@.......#......#
########..###+#........#......#
...... c....c........#......## #
.... ######..........#........
###'## #....##+#######'#.$......
.....# #........................
.....# #......."...............c
.....# #........................
.....####........................


You could see a centaur warrior (very poisoned).

Vanquished Creatures
  5 two-headed ogres
  Sonja (D:10)
  Pikel (D:5)
  3 cyclopes
  A manticore (D:11)
  A kobold demonologist (D:9)
  2 tengu conjurers (D:13)
  4 trolls
  Grinder (D:4)
  Prince Ribbit (D:5)
  5 slime creatures (D:12)
  2 shadows
  14 yaks
  3 wraiths (D:12)
  2 steam dragons
  A wyvern (D:8)
  8 vampire mosquitoes
  Menkaure (D:5)
  2 acid dragons
  Duvessa (D:7)
  3 orc warriors
  2 water moccasins
  2 sky beasts
  An ice beast (D:6)
  A black bear (D:6)
  7 centaurs
  An ogre (D:6)
  6 kobold brigands
  3 lemures (D:5)
  5 bullfrogs
  3 scorpions
  11 wights
  Dowan (D:7)
  3 killer bees (D:9)
  7 howler monkeys
  2 jellies
  4 hounds
  2 sleepcaps
  3 orc priests
  3 iguanas (D:5)
  7 orc wizards
  8 adders
  3 gnolls
  A white imp (D:6)
  6 worms
  3 dart slugs
  41 orcs
  3 bats
  15 endoplasms
  2 giant cockroaches
  8 goblins
  9 hobgoblins
  4 jackals (D:1)
  6 quokkas
  9 ball pythons
  3 frilled lizards
  20 kobolds
  5 rats
282 creatures vanquished.

Notes
Turn   | Place    | Note
-------+----------+-------------------------------------------
     0 | D:1      | FexLirch the Octopode Transmuter began the quest for the
                  | Orb.
     0 | D:1      | Reached XP level 1. HP: 13/13 MP: 3/3
   272 | D:1      | Reached XP level 2. HP: 18/18 MP: 1/5
   317 | D:1      | Learned a level 2 spell: Wereblood
   489 | D:1      | Found a faded altar of an unknown god.
   703 | D:1      | Reached XP level 3. HP: 23/23 MP: 2/6
  1300 | D:2      | Reached XP level 4. HP: 26/28 MP: 7/7
  1342 | D:2      | Learned a level 4 spell: Ice Form
  1935 | D:3      | Reached skill level 1 in Ice Magic
  1959 | D:3      | Reached XP level 5. HP: 33/33 MP: 8/8
  1962 | D:3      | Reached skill level 1 in Poison Magic
  1988 | D:3      | Identified the +11 rapier "Killer Bee's Foe" {flame, rElec
                  | rCorr Int+2 Dex+3}
  2536 | D:4      | Noticed Grinder
  2539 | D:4      | Killed Grinder
  2540 | D:4      | Reached skill level 2 in Short Blades
  2540 | D:4      | Reached XP level 6. HP: 33/38 MP: 9/9
  2576 | D:4      | Identified the +3 ring mail "Plog" {Fly rF+ Regen+ Dex-2}
  2612 | D:4      | Reached skill level 3 in Short Blades
  2713 | D:4      | Reached XP level 7. HP: 43/43 MP: 10/10
  3018 | D:5      | Entered Level 5 of the Dungeon
  3068 | D:5      | Noticed Menkaure
  3075 | D:5      | Killed Menkaure
  3076 | D:5      | Reached skill level 4 in Short Blades
  3076 | D:5      | Reached skill level 5 in Poison Magic
  3209 | D:5      | Noticed Prince Ribbit
  3213 | D:5      | Killed Prince Ribbit
  3214 | D:5      | Reached XP level 8. HP: 44/48 MP: 11/11
  3299 | D:5      | Reached skill level 5 in Short Blades
  3378 | D:5      | Noticed Pikel
  3699 | D:5      | Killed Pikel
  3700 | D:5      | Reached skill level 6 in Short Blades
  4107 | D:6      | Learned a level 4 spell: Olgreb's Toxic Radiance
  4253 | D:6      | Found a hide-covered altar of Uskayaw.
  4258 | D:6      | Reached skill level 7 in Short Blades
  4258 | D:6      | Reached XP level 9. HP: 44/53 MP: 12/12
  4834 | D:6      | Found a staircase to the Ecumenical Temple.
  4846 | Temple   | Entered the Ecumenical Temple
  4851 | Temple   | Became a worshipper of Cheibriados the Contemplative
  5113 | D:7      | Noticed Dowan
  5114 | D:7      | Noticed Duvessa
  5125 | D:7      | Killed Duvessa
  5133 | D:7      | Killed Dowan
  5363 | D:7      | Found Ighefupp's Armour Shoppe.
  5375 | D:7      | Noticed a troll
  5381 | D:7      | Killed a troll
  5382 | D:7      | Reached skill level 8 in Short Blades
  5382 | D:7      | Reached skill level 1 in Invocations
  5448 | D:7      | Found a bloodstained altar of Trog.
  6083 | D:8      | Reached * piety under Cheibriados
  6091 | D:8      | Found a shimmering altar of Xom.
  6190 | D:8      | Reached XP level 10. HP: 63/63 MP: 13/13
  6323 | D:8      | Found a blossoming altar of Fedhas.
  6482 | D:8      | Noticed a two-headed ogre
  6492 | D:8      | Killed a two-headed ogre
  6493 | D:8      | Reached skill level 9 in Short Blades
  6493 | D:8      | Reached skill level 10 in Poison Magic
  6673 | D:8      | Found a hazy altar of Hepliaklqana.
  7246 | D:9      | Reached skill level 1 in Hexes
  7261 | D:9      | Reached ** piety under Cheibriados
  7349 | D:9      | Found an opulent altar of Gozag.
  7449 | D:9      | Identified the +0 plate armour "Fuczius" {*Corrode Fly rC+
                  | rN+}
  7679 | D:9      | Reached skill level 10 in Short Blades
  7681 | D:9      | Reached skill level 5 in Dodging
  7681 | D:9      | Reached XP level 11. HP: 62/70 MP: 7/14
  7809 | D:9      | Noticed a two-headed ogre
  7821 | D:9      | Killed a two-headed ogre
  7921 | D:9      | Noticed a sixfirhy
  8266 | D:9      | Reached skill level 5 in Invocations
  8385 | D:9      | Learned a level 3 spell: Ozocubu's Armour
  8399 | D:10     | Entered Level 10 of the Dungeon
  8424 | D:10     | Reached skill level 5 in Fighting
  8434 | D:10     | Reached *** piety under Cheibriados
  8436 | D:10     | Noticed Sonja
  8443 | D:10     | Killed Sonja
  8537 | D:10     | Found a shadowy altar of Dithmenos.
  8825 | D:10     | Reached **** piety under Cheibriados
  8829 | D:10     | Noticed a two-headed ogre
  8839 | D:10     | Killed a two-headed ogre
  8927 | D:10     | Found a staircase to the Lair.
  9116 | D:10     | Found a staircase to the Orcish Mines.
  9183 | D:10     | Found a stormy altar of Qazlal.
  9186 | D:10     | Found a shimmering blue altar of Sif Muna.
  9190 | D:10     | Found a burning altar of Makhleb.
  9191 | D:10     | Found a sacrificial altar of Ru.
  9194 | D:10     | Found an ornate altar of the Wu Jian Council.
  9464 | D:11     | Noticed a cyclops
  9473 | D:11     | Killed a cyclops
  9706 | D:11     | Noticed a manticore
  9712 | D:11     | Killed a manticore
  9888 | D:11     | Reached skill level 11 in Short Blades
  9939 | D:11     | Noticed a two-headed ogre
  9953 | D:11     | Killed a two-headed ogre
 10312 | D:12     | Noticed a cyclops
 10313 | D:12     | Killed a cyclops
 10314 | D:12     | Reached XP level 12. HP: 78/78 MP: 16/16
 10392 | D:12     | Reached skill level 1 in Translocations
 10753 | D:12     | Reached skill level 1 in Air Magic
 11022 | D:12     | Noticed a two-headed ogre
 11115 | D:12     | Killed a two-headed ogre
 11286 | D:12     | Reached ***** piety under Cheibriados
 11287 | D:12     | Reached skill level 5 in Ice Magic
 11707 | D:13     | Noticed Erolcha
 11819 | D:13     | Noticed a centaur warrior
 11827 | D:13     | Noticed a centaur warrior
 11838 | D:13     | Shot with an arrow by a centaur warrior

Illustrated notes

Levels and vault maps discovered:
D:1:      zelgadis_glass_arrival_small, layout_loops_corners,
          hellmonk_ecumenical_altar_heavens_door
D:2:      layout_basic
D:3:      layout_loops_ring, kennysheep_nondescript, minmay_distorted
D:4:      layout_cave_pools, minmay_crystal_water, uniq_grinder
D:5:      layout_loops_ring, uniq_prince_ribbit1, uniq_pikel, uniq_menkaure
D:6:      layout_basic, eat_drink_and_be_merry_uskayaw,
          minmay_temple_entry_nine_rooms, kennysheep_generic_room_8
D:7:      layout_cave_pods, kennysheep_mini, serial_shops,
          nicolae_take_the_stairs, minivault_24, uniq_duvessa
D:8:      layout_loops_ring, mainiacjoe_overflow_cross_hatched,
          mainiacjoe_overflow_catch_the_wave
D:9:      layout_irregular_city, nicolae_overflow_crystal_walls,
          minmay_misc_feat_iff, kennysheep_potato
D:10:     layout_rooms, minitemple, nicolae_overflow_hidden_temple,
          lair_entry_dummy, hiddenorc1_lemuel, uniq_sonja
D:11:     layout_loops_cross
D:12:     layout_basic
D:13:     layout_irregular_city, skrybe_vaults_entry_preservation,
          nicolae_rejected_hall, uniq_erolcha, uniq_jorgrun
Temple:   hellmonk_temple_micro_hex

Skill      XL: |  1  2  3  4  5  6  7  8  9 10 11 12 |
---------------+-------------------------------------+-----
Transmutations | 3 |  3.5
Unarmed Combat | 4 |  4.2
Ice Magic      | 1 2 4 5 |  5.1
Poison Magic   | 3 4 6 8 9 10 | 10.0
Short Blades   | 2 3 4 7 8 10 11 | 11.7
Fighting       | 3 4 5 6 |  6.3
Invocations    | 2 4 6 |  6.6
Dodging        | 3 5 6 |  6.6
Hexes          | 2 4 |  4.2
Translocations | 2 |  2.1
Air Magic      | 2 |  2.0
Spellcasting   | |  2.1

Action                     |  1- 3 |  4- 6 |  7- 9 | 10-12 || total
---------------------------+-------+-------+-------+-------++-------
  Melee: Unarmed           |    76 |    37 |       |       ||   113
         Constrict         |    19 |    22 |    24 |    18 ||    83
         Kick              |    18 |     9 |    13 |    44 ||    84
         Tentacles         |    10 |    14 |    19 |    35 ||    78
         Punch             |       |     6 |     7 |     6 ||    19
         Rapier            |       |    45 |   111 |   175 ||   331
  Throw: Dart              |       |     5 |       |       ||     5
         Stone             |       |     3 |     1 |    17 ||    21
   Cast: Beastly Appendage |    18 |     8 |    19 |    28 ||    73
         Wereblood         |     4 |    10 |    13 |    29 ||    56
         Olgreb's Toxic Ra |       |       |    13 |    48 ||    61
         Ozocubu's Armour  |       |       |       |    10 ||    10
 Invoke: Temporal Distorti |       |       |       |     1 ||     1
  Evoke: Wand              |       |       |       |     3 ||     3
    Use: Scroll            |       |       |       |    13 ||    13
         Potion            |       |       |       |     6 ||     6
   Stab: Sleeping          |     7 |     5 |     3 |     5 ||    20
         Distracted        |       |       |     1 |       ||     1
 Armour: Skin              |     7 |     2 |     2 |    10 ||    21
  Dodge: Dodged            |    37 |    31 |    34 |    95 ||   197
  Block: Other             |       |     4 |    18 |    19 ||    41
         Reflection        |       |       |       |     6 ||     6
         Buckler           |       |       |       |     2 ||     2

Table legend: (Time is in decaauts)
 A = Elapsed time spent in this place.
 B = Non-inter-level travel time spent in this place.
 C = Inter-level travel time spent in this place.
 D = Time resting spent in this place.
 E = Time spent auto-exploring this place.
 F = Levels seen in this place.
 G = Mean time per level.
                   A        B        C        D        E       F      G
               +--------+--------+--------+--------+--------+-----+--------+
         Total |  14234 |  13292 |    942 |    161 |  10570 |  14 | 1016.7 |
       Dungeon |  14222 |  13285 |    937 |    161 |  10570 |  13 | 1094.0 |
        Temple |     11 |      6 |      5 |      0 |      0 |   1 |   11.0 |
               +--------+--------+--------+--------+--------+-----+--------+

Top non-repeatable levels by time:
    D:12: 2022 daAuts
     D:9: 1704 daAuts
     D:8: 1377 daAuts
    D:11: 1299 daAuts
    D:10: 1245 daAuts
     D:7: 1201 daAuts
     D:1: 1177 daAuts
     D:6: 1135 daAuts
     D:5: 956 daAuts
     D:2: 739 daAuts
     D:3: 614 daAuts
     D:4: 499 daAuts
    D:13: 249 daAuts
  Temple: 11 daAuts
